 Dungeon Crawl Stone Soup version 0.27-a0-421-g7ddf969dea (webtiles) character file.

Game seed: 1865301741717307788

104 sanka the Changer (level 4, -1/31 HPs)
             Began as a Vampire Transmuter on Feb 26, 2021.
             Succumbed to an adder's poison
             ... on level 2 of the Dungeon.
             The game lasted 00:03:18 (1852 turns).

sanka the Changer (Vampire Transmuter)              Turns: 1852, Time: 00:03:19

Health: -1/31      AC:  3    Str:  9    XL:     4   Next: 52%
Magic:  7/7        EV: 12    Int: 15    God:
Gold:   99         SH:  0    Dex: 15    Spells: 1/7 levels left

rFire    . . .     SeeInvis +     - Unarmed
rCold    . . .     Faith    +   (no shield)
rNeg     . . .     Spirit   .   a - +0 robe
rPois    .         Reflect  .   (helmet currently unavailable)
rElec    .         Harm     .   g - +0 cloak
rCorr    .         Rampage  .   (no gloves)
Will     .....                  (boots currently unavailable)
Stlth    +.........             j - amulet of faith
HPRegen  0.30/turn              (no ring)
MPRegen  0.10/turn              (no ring)

@: mighty, lethally poisoned (-1 -> -16), appendages (expiring), regenerating
quickly, hasted, very quick
A: fangs 3, horns 2, talons 2, see invisible, unbreathing
a: Exsanguinate, End Transformation


You were on level 2 of the Dungeon.
You had grown temporary horns.
You had grown temporary talons.
You visited 1 branch of the dungeon, and saw 2 of its levels.

You collected 99 gold pieces.


Innate Abilities, Weirdness & Mutations

Your natural rate of healing is unusually fast.
You have razor-sharp teeth.
You have supernaturally acute eyesight. (SInv)
You can survive without breathing.
You have a pair of horns on your head.
You have razor-sharp toenails.


   Skills:
 - Level 0.8 Fighting
 - Level 2.1 Dodging
 - Level 4.0 Unarmed Combat
 - Level 2.0 Spellcasting
 + Level 4.4 Transmutations
 + Level 1.2 Poison Magic


You had one spell level left.
You knew the following spells:

 Your Spells              Type           Power        Failure   Level
x - Spider Form           Tmut/Pois      4%           22%         3
y - Wereblood             Tmut           14%          5%          2
z - Beastly Appendage     Tmut           28%          3%          1

Your spell library contained the following spells:

 Spells                   Type           Power        Failure   Level
 Ice Form                 Ice/Tmut       8%           65%         4
 Blade Hands              Tmut           7%           69%         5

Inventory:

Missiles
 h - 35 poisoned darts (quivered)
Armour
 a - a +0 robe (worn)
 g - a +0 cloak (worn)
Jewellery
 j - an amulet of faith (around neck)
Scrolls
 b - a scroll of fear {unknown}
 d - a scroll of magic mapping {unknown}
 e - 3 scrolls of identify {unknown}
 f - 2 scrolls of enchant armour {unknown}
 l - a scroll of random uselessness {unknown}
 m - a scroll of blinking {unknown}
 n - a scroll of enchant weapon {unknown}
 o - a scroll of immolation {unknown}
Potions
 c - a potion of curing {unknown}

Dungeon Overview and Level Annotations

Branches:
Dungeon (2/15)

Altars:

▒......▒....▒ ▒.▒
▒... ▒......▒....▒
▒.▒ ▒...
▒......▒....▒ ▒.▒
▒... ▒......▒....▒
▒.▒▒▒▒▒▒'▒
▒.......†▒+▒▒
▒.▒.......
▒▒.......▒ ▒▒
▒▒▒▒...▒.. ▒.......▒
..▒▒▒▒...▒▒▒..
▒.......▒...▒▒...▒▒▒
▒..
▒......VS...▒...▒▒
▒.▒
▒▒▒▒▒▒▒▒▒..(▒▒...▒▒▒
▒▒▒ (.▒▒▒▒†(.▒▒▒▒▒
.▒ ▒▒▒...▒..
▒▒▒▒...▒▒▒..
▒▒...▒▒▒ ▒.. ▒...▒▒
▒▒▒ ▒▒...▒▒▒
▒▒▒...▒▒▒▒▒


You could see an adder.


Message History

You feel sick. The adder closely misses you.
Unknown command.
You closely miss the adder. You claw the adder.
The adder is heavily wounded.
* * * LOW HITPOINT WARNING * * *
You feel sick. The adder closely misses you.
Unknown command.
You hit the adder.
The adder is severely wounded.
* * * LOW HITPOINT WARNING * * *
You feel sick. The adder bites you.
* * * LOW HITPOINT WARNING * * *
You are more poisoned.
The adder poisons you!
It was a potion of might.
You feel very mighty all of a sudden.
Your transformation is almost over.
* * * LOW HITPOINT WARNING * * *
You feel sick. The adder bites you.
* * * LOW HITPOINT WARNING * * *
You are more poisoned.
The adder poisons you!
It was a potion of haste.
You feel yourself speed up.
You die...

Action                   |  1- 3 |  4- 6 || total
-------------------------+-------+-------++-------
Melee: Unarmed           |    77 |    54 ||   131
       Headbutt          |     5 |     2 ||     7
       Kick              |    13 |     7 ||    20
       Bite              |     6 |     3 ||     9
       Punch             |       |     1 ||     1
Throw: Dart              |     5 |       ||     5
 Cast: Beastly Appendage |    15 |     8 ||    23
       Spider Form       |       |     1 ||     1
  Use: Potion            |       |     2 ||     2
Armor: Robe              |    23 |    11 ||    34
Dodge: Dodged            |    53 |    33 ||    86

Levels and vault maps discovered:
D:1:      dpeg_arrival_more_subterranean_lakeside_camping, layout_loops_ring
D:2:      layout_basic, serial_curves, eino_curves_02, eino_curves_03,
          uniq_sigmund, uniq_jessica

Notes
Turn   | Place    | Note
-------+----------+-------------------------------------------
     0 | D:1      | sanka the Vampire Transmuter began the quest for the Orb.
     0 | D:1      | Reached XP level 1. HP: 14/14 MP: 3/3
   194 | D:2      | Reached skill level 4 in Unarmed Combat
   194 | D:2      | Reached XP level 2. HP: 18/20 MP: 5/5
   214 | D:2      | Learned a level 2 spell: Wereblood
   233 | D:2      | Noticed Jessica
   352 | D:2      | Reached skill level 3 in Transmutations
   372 | D:2      | HP: 2/20 [Jessica/+4 club (3)]
   373 | D:2      | Killed Jessica
   374 | D:2      | Reached XP level 3. HP: 3/25 MP: 4/6
   498 | D:2      | Reached skill level 4 in Transmutations
   544 | D:2      | Learned a level 3 spell: Spider Form
   878 | D:1      | Reached XP level 4. HP: 25/31 MP: 5/7
  1725 | D:2      | Reached skill level 1 in Poison Magic
  1851 | D:2      | HP: 3/31 [poisoned by an adder]
  1851 | D:2      | HP: 1/31 [adder (2)]
  1852 | D:2      | Succumbed to an adder's poison

Vanquished Creatures
  Jessica (D:2)
  A gnoll (D:1)
  2 adders (D:2)
  2 oozes (D:2)
  A leopard gecko (D:2)
  6 bats
  2 giant cockroaches
  5 goblins
  8 hobgoblins
  4 frilled lizards
  6 kobolds
  4 rats (D:1)
42 creatures vanquished.
